MLB
CHICAGO WHITE SOX @ CINCINNATI REDS
05/26/2044
 
TOP OF THE 1ST
Chicago White Sox batting - Pitching for Cincinnati Reds : LHP Jeff Baker
Pitching: LHP Jeff Baker
Batting: SHB Dan Lash 0-0: SINGLE (Groundball, 6D, EV 103.8 MPH)
Batting: RHB Steve Castleberry 0-0: Called Strike
0-1: Foul Ball, location: 2F
0-2: Strikes out swinging
Batting: RHB Joseph Disepolo 0-0: Ball
1-0: Called Strike
1-1: Ball
2-1: Foul Ball, location: 2F
2-2: SINGLE (Line Drive, 7S, EV 104.4 MPH)
Dan Lash to second
Batting: LHB Randy Rosenberry 0-0: Swinging Strike
0-1: Ball
1-1: Ball
2-1: Fielders Choice at 2nd, 4-6 (Groundball, 4M, EV 82.5 MPH)
Dan Lash to third
Batting: RHB Rocky Campbell 0-0: Swinging Strike
0-1: Ball
1-1: Fly out, F9 (Flyball, 9LM, EV 91.3 MPH)
Top of the 1st over - 0 runs, 2 hits, 0 errors, 2 left on base; Chicago 0 - Cincinnati 0
BOTTOM OF THE 1ST
Cincinnati Reds batting - Pitching for Chicago White Sox : LHP Jaden Asante
Pitching: LHP Jaden Asante
Batting: LHB Jon Ledesma 0-0: Ball
1-0: Called Strike
1-1: Fly out, F7 (Flyball, 7S, EV 85.6 MPH)
Batting: SHB Dave Barefoot 0-0: Ground out 4-3 (Groundball, 4S, EV 88.1 MPH)
Batting: RHB Willie Cardamone 0-0: Foul Ball, location: 2F
0-1: Ball
1-1: Swinging Strike
1-2: Ball
2-2: Ball
3-2: SOLO HOME RUN (Flyball, 8LXD, EV 101.3 MPH), Distance : 419 ft
Batting: SHB Saulo Maina 0-0: Fly out, F8 (Flyball, 8LM, EV 92.5 MPH)
Bottom of the 1st over - 1 run, 1 hit, 0 errors, 0 left on base; Chicago 0 - Cincinnati 1
TOP OF THE 2ND
Chicago White Sox batting - Pitching for Cincinnati Reds : LHP Jeff Baker
Batting: RHB Hiroshige Yamada 0-0: Foul Ball, location: 2F
0-1: Called Strike
0-2: Ball
1-2: Ball
2-2: Fly out, F8 (Line Drive, 8RD, EV 90.6 MPH)
Batting: SHB Cesar Herrera 0-0: Swinging Strike
0-1: Foul Ball, location: 2F
0-2: Strikes out swinging
Batting: RHB Jason Moss 0-0: Called Strike
0-1: Called Strike
0-2: Strikes out looking
Top of the 2nd over - 0 runs, 0 hits, 0 errors, 0 left on base; Chicago 0 - Cincinnati 1
BOTTOM OF THE 2ND
Cincinnati Reds batting - Pitching for Chicago White Sox : LHP Jaden Asante
Batting: RHB Fred Slade 0-0: Ball
1-0: Called Strike
1-1: Foul Ball, location: 2F
1-2: Foul Ball, location: 2F
1-2: Ball
2-2: Ball
3-2: Base on Balls
Batting: LHB Satoru Handa 0-0: Called Strike
0-1: Foul Ball, location: 2F
0-2: Fly out, F9 (Line Drive, 9S, EV 98.8 MPH)
Batting: LHB Jesus Lozano 0-0: Foul Ball, location: 2F
0-1: Ball
1-1: Foul Ball, location: 2F
Pickoff Throw to First - Out! 1-3
1-2: Ball
2-2: Ball
3-2: Fly out, F5 (Popup, 5SF, EV 78.8 MPH)
Bottom of the 2nd over - 0 runs, 0 hits, 0 errors, 0 left on base; Chicago 0 - Cincinnati 1
TOP OF THE 3RD
Chicago White Sox batting - Pitching for Cincinnati Reds : LHP Jeff Baker
Batting: RHB Leo Navarro 0-0: Ball
1-0: Ground out 6-3 (Groundball, 56D, EV 84.4 MPH)
Batting: SHB Dan Lash 0-0: Ball
1-0: Called Strike
1-1: Ball
2-1: Ball
3-1: Called Strike
3-2: Foul Ball, location: 2F
3-2: Base on Balls
Batting: RHB Steve Castleberry 0-0: Called Strike
0-1: Ball
1-1: Ball
2-1: Swinging Strike
2-2: Strikes out swinging
Batting: RHB Joseph Disepolo 0-0: Ball
1-0: Foul Ball, location: 2F
1-1: SINGLE (Groundball, 6D, EV 98.1 MPH)
Dan Lash to second
Runner from 2nd tries for 3rd, OUT! 8-5
Top of the 3rd over - 0 runs, 1 hit, 0 errors, 1 left on base; Chicago 0 - Cincinnati 1
BOTTOM OF THE 3RD
Cincinnati Reds batting - Pitching for Chicago White Sox : LHP Jaden Asante
Batting: LHB Sean Geisler 0-0: SINGLE (Line Drive, 89S, EV 94.4 MPH)
Batting: RHB Omar Quintana 0-0: Ball
1-0: Called Strike
1-1: Ball
Passed Ball!
Sean Geisler to second
2-1: Ball
3-1: Foul Ball, location: 2F
3-2: Ground out 6-3 (Groundball, 6, EV 106.3 MPH)
Batting: LHB Jon Ledesma 0-0: Ball
1-0: Called Strike
1-1: Called Strike
1-2: Fly out, F9 (Line Drive, 9D, EV 94.4 MPH)
Runner from 2nd tags up, SAFE at 3rd, no throw by RF
Batting: SHB Dave Barefoot 0-0: Ball
1-0: Called Strike
1-1: Ball
2-1: Reached on error, E5 (Groundball, 56S, EV 87.5 MPH)
Sean Geisler scores
Batting: RHB Willie Cardamone 0-0: Ball
1-0: Ball
2-0: Ball
3-0: Called Strike
3-1: Swinging Strike
3-2: Ground out 6-3 (Groundball, 6M, EV 105.6 MPH)
Bottom of the 3rd over - 1 run, 1 hit, 1 error, 1 left on base; Chicago 0 - Cincinnati 2
TOP OF THE 4TH
Chicago White Sox batting - Pitching for Cincinnati Reds : LHP Jeff Baker
Batting: LHB Randy Rosenberry 0-0: Foul Ball, location: 2F
0-1: Ball
1-1: Fly out, F9 (Line Drive, 9D, EV 91.3 MPH)
Batting: RHB Rocky Campbell 0-0: Foul Ball, location: 2F
0-1: Fly out, F9 (Line Drive, 9, EV 100.6 MPH)
Batting: RHB Hiroshige Yamada 0-0: Fly out, F8 (Flyball, 8RD, EV 92.5 MPH)
Top of the 4th over - 0 runs, 0 hits, 0 errors, 0 left on base; Chicago 0 - Cincinnati 2
BOTTOM OF THE 4TH
Cincinnati Reds batting - Pitching for Chicago White Sox : LHP Jaden Asante
Batting: SHB Saulo Maina 0-0: Ground out 5-3 (Groundball, 56, EV 80.0 MPH)
Batting: RHB Fred Slade 0-0: Called Strike
0-1: Fly out, F9 (Flyball, 9S, EV 89.4 MPH)
Batting: LHB Satoru Handa 0-0: Ball
1-0: Swinging Strike
1-1: SINGLE (Groundball, 3S, EV 64.4 MPH) (infield hit)
Batting: LHB Jesus Lozano 0-0: Ball
1-0: Called Strike
Satoru Handa steals 2nd base
1-1: Foul Ball, location: 2F
1-2: Ground out 6-3 (Groundball, 6M, EV 88.8 MPH)
Bottom of the 4th over - 0 runs, 1 hit, 0 errors, 1 left on base; Chicago 0 - Cincinnati 2
TOP OF THE 5TH
Chicago White Sox batting - Pitching for Cincinnati Reds : LHP Jeff Baker
Batting: SHB Cesar Herrera 0-0: Called Strike
0-1: Swinging Strike
0-2: Ball
1-2: Foul Ball, location: 2F
1-2: Fly out, F3 (Line Drive, 3, EV 69.4 MPH)
Batting: RHB Jason Moss 0-0: Ball
1-0: Called Strike
1-1: Foul Ball, location: 2F
1-2: Ball
2-2: Strikes out swinging
Batting: RHB Leo Navarro 0-0: Ball
1-0: Ball
2-0: Ball
3-0: Base on Balls
Batting: SHB Dan Lash 0-0: Called Strike
0-1: Ball
1-1: Ball
2-1: Ground out U3 (Groundball, 3, EV 86.3 MPH)
Top of the 5th over - 0 runs, 0 hits, 0 errors, 1 left on base; Chicago 0 - Cincinnati 2
BOTTOM OF THE 5TH
Cincinnati Reds batting - Pitching for Chicago White Sox : LHP Jaden Asante
Batting: LHB Sean Geisler 0-0: Called Strike
0-1: Ball
1-1: Foul Ball, location: 2F
1-2: Foul Ball, location: 2F
1-2: Ball
2-2: Foul Ball, location: 2F
2-2: Ball
3-2: Ground out 5-3 (Groundball, 6S, EV 93.8 MPH)
Batting: RHB Omar Quintana 0-0: Ground out U3 (Groundball, 3, EV 107.5 MPH)
Batting: LHB Jon Ledesma 0-0: Ball
1-0: Ball
2-0: Ball
3-0: Called Strike
3-1: Base on Balls
Batting: SHB Dave Barefoot 0-0: Ball
Jon Ledesma is caught stealing 2nd base 2-4
Bottom of the 5th over - 0 runs, 0 hits, 0 errors, 0 left on base; Chicago 0 - Cincinnati 2
TOP OF THE 6TH
Chicago White Sox batting - Pitching for Cincinnati Reds : LHP Jeff Baker
Batting: RHB Steve Castleberry 0-0: Swinging Strike
0-1: Ball
1-1: Foul Ball, location: 2F
1-2: Ball
2-2: Ball
3-2: Strikes out swinging
Batting: RHB Joseph Disepolo 0-0: Fly out, F9 (Flyball, 9S, EV 88.1 MPH)
Batting: LHB Randy Rosenberry 0-0: Ball
1-0: Ball
2-0: Foul Ball, location: 2F
2-1: Fly out, F8 (Line Drive, 8LD, EV 103.1 MPH)
Top of the 6th over - 0 runs, 0 hits, 0 errors, 0 left on base; Chicago 0 - Cincinnati 2
BOTTOM OF THE 6TH
Cincinnati Reds batting - Pitching for Chicago White Sox : LHP Jaden Asante
Batting: SHB Dave Barefoot 0-0: Ground out 4-3 (Groundball, 4, EV 92.5 MPH)
Batting: RHB Willie Cardamone 0-0: Ball
1-0: SINGLE (Groundball, 6MD, EV 100.6 MPH) (infield hit)
Batting: SHB Saulo Maina 0-0: Ball
1-0: Ball
2-0: Called Strike
2-1: Foul Ball, location: 2F
2-2: Foul Ball, location: 2F
2-2: Ball
3-2: Base on Balls
Willie Cardamone to second
Batting: RHB Fred Slade 0-0: Called Strike
0-1: Ball
1-1: Swinging Strike
1-2: Ball
2-2: Strikes out swinging
Batting: LHB Satoru Handa 0-0: Called Strike
0-1: Ball
1-1: Foul Ball, location: 2F
1-2: Ground out 4-3 (Groundball, 4, EV 102.5 MPH)
Bottom of the 6th over - 0 runs, 1 hit, 0 errors, 2 left on base; Chicago 0 - Cincinnati 2
TOP OF THE 7TH
Chicago White Sox batting - Pitching for Cincinnati Reds : LHP Jeff Baker
Batting: RHB Rocky Campbell 0-0: Called Strike
0-1: Swinging Strike
0-2: Foul Ball, location: 2F
0-2: SINGLE (Groundball, 34S, EV 66.9 MPH) (infield hit)
Batting: RHB Hiroshige Yamada 0-0: Ball
1-0: Sac Bunt to 2L - play at first, batter OUT! 2-3
Rocky Campbell to second
Batting: SHB Cesar Herrera 0-0: Swinging Strike
0-1: Called Strike
0-2: Ball
1-2: Ball
2-2: Strikes out looking
Batting: RHB Jason Moss 0-0: Ball
1-0: Ball
2-0: Ball
3-0: Base on Balls
Batting: RHB Leo Navarro 0-0: Foul Ball, location: 2F
0-1: Foul Ball, location: 2F
0-2: Ball
1-2: Ball
2-2: SINGLE (Groundball, 6MD, EV 108.8 MPH)
Rocky Campbell to third
Jason Moss to second
Runner from 3rd tries for Home, SAFE, throw by CF to home
Batting: SHB Dan Lash 0-0: Ball
1-0: Called Strike
1-1: Ball
2-1: Ball
3-1: Fielders Choice at 2nd, U4 (Groundball, 4M, EV 103.1 MPH)
Top of the 7th over - 1 run, 2 hits, 0 errors, 2 left on base; Chicago 1 - Cincinnati 2
BOTTOM OF THE 7TH
Cincinnati Reds batting - Pitching for Chicago White Sox : LHP Jaden Asante
Pitching: LHP Ryan Daidone
Batting: LHB Jesus Lozano 0-0: Ball
1-0: Ball
2-0: Ball
3-0: Base on Balls
Batting: LHB Sean Geisler 0-0: Ball
1-0: Called Strike
1-1: Ball
2-1: Sac Bunt to 25 - play at first, batter OUT! 5-4
Jesus Lozano to second
Batting: RHB Omar Quintana 0-0: Intentional Walk
Batting: LHB Jon Ledesma 0-0: Ball
1-0: Called Strike
Jesus Lozano steals 3rd base (no throw)
1-1: Ball
2-1: Foul Ball, location: 2F
2-2: Fly out, F7 (Flyball, 7D, EV 98.1 MPH)
Runner from 3rd tags up, SCORES, throw by LF
Batting: SHB Dave Barefoot 0-0: Ball
1-0: Called Strike
1-1: Ball
2-1: Ball
3-1: Called Strike
3-2: Foul Ball, location: 2F
3-2: Foul Ball, location: 2F
3-2: SINGLE (Groundball, 6D, EV 105.6 MPH)
Omar Quintana to second
Omar Quintana to third
Batting: RHB Willie Cardamone 0-0: Ball
1-0: Foul Ball, location: 2F
1-1: Ball
2-1: Fly out, F6 (Popup, 6S, EV 76.3 MPH)
Bottom of the 7th over - 1 run, 1 hit, 0 errors, 2 left on base; Chicago 1 - Cincinnati 3
TOP OF THE 8TH
Chicago White Sox batting - Pitching for Cincinnati Reds : LHP Jeff Baker
Batting: RHB Steve Castleberry 0-0: Called Strike
0-1: Foul Ball, location: 2F
0-2: Fly out, F7 (Flyball, 7D, EV 101.3 MPH)
Pitching: RHP Juan Barroso
Batting: RHB Joseph Disepolo 0-0: Ball
1-0: Swinging Strike
1-1: Ball
2-1: Foul Ball, location: 2F
2-2: Strikes out swinging
Pitching: LHP Justin Sullins
Batting: LHB Randy Rosenberry 0-0: Ball
1-0: Ball
2-0: Foul Ball, location: 2F
2-1: Ground out 4-3 (Groundball, 4S, EV 85.6 MPH)
Top of the 8th over - 0 runs, 0 hits, 0 errors, 0 left on base; Chicago 1 - Cincinnati 3
BOTTOM OF THE 8TH
Cincinnati Reds batting - Pitching for Chicago White Sox : LHP Ryan Daidone
Pitching: RHP Adam Ratcliff
Batting: SHB Saulo Maina 0-0: Called Strike
0-1: Foul Ball, location: 2F
0-2: Ball
1-2: Ball
2-2: SOLO HOME RUN (Flyball, 89XD, EV 99.4 MPH), Distance : 384 ft
Batting: RHB Fred Slade 0-0: Called Strike
0-1: Foul Ball, location: 2F
0-2: Strikes out swinging
Batting: LHB Satoru Handa 0-0: Ball
1-0: Swinging Strike
1-1: Swinging Strike
1-2: Ground out 4-3 (Groundball, 4, EV 79.4 MPH)
Batting: LHB Jesus Lozano 0-0: Called Strike
0-1: Ball
1-1: Foul Ball, location: 2F
1-2: Strikes out swinging
Bottom of the 8th over - 1 run, 1 hit, 0 errors, 0 left on base; Chicago 1 - Cincinnati 4
TOP OF THE 9TH
Chicago White Sox batting - Pitching for Cincinnati Reds : LHP Justin Sullins
Pitching: LHP Paul Forbes
Batting: RHB Rocky Campbell 0-0: Foul Ball, location: 2F
0-1: Hit by Pitch
Batting: RHB Hiroshige Yamada 0-0: Swinging Strike
0-1: Ball
1-1: Ball
2-1: Foul Ball, location: 2F
2-2: Strikes out looking
Batting: SHB Cesar Herrera 0-0: Called Strike
0-1: Ball
Wild Pitch!
Rocky Campbell to second
1-1: Swinging Strike
1-2: Ball
2-2: Ball
Wild Pitch!
Rocky Campbell to third
3-2: Foul Ball, location: 2F
3-2: Base on Balls
Batting: RHB Jason Moss Pickoff Throw to First - Error! E1
Rocky Campbell scores
Cesar Herrera to second
0-0: Ball
1-0: Called Strike
1-1: Ball
Wild Pitch!
Cesar Herrera to third
2-1: Foul Ball, location: 2F
2-2: Strikes out swinging
Batting: RHB Leo Navarro 0-0: Ball
1-0: Foul Ball, location: 2F
1-1: Swinging Strike
1-2: Strikes out swinging
Top of the 9th over - 1 run, 0 hits, 1 error, 1 left on base; Chicago 2 - Cincinnati 4
Thursday, March 31st , 2022 - OOTP Baseball 22.12 Build 89